 Dungeon Crawl Stone Soup version 0.25.0-26-g0c896c7088 (webtiles) character file.

Game seed: 8021798071832550936

77 funshine the Conjurer (level 4, -1/33 HPs)
             Began as a Minotaur Conjurer on July 1, 2020.
             Slain by Robin
             ... wielding a +2 club
              (7 damage)
             ... on level 2 of the Dungeon.
             The game lasted 00:08:40 (1462 turns).

funshine the Conjurer (Minotaur Conjurer)           Turns: 1462, Time: 00:08:40

Health: -1/33      AC:  2    Str: 12    XL:     4   Next: 14%
Magic:  0/5        EV: 12    Int: 13    God:
Gold:   65         SH:  0    Dex: 11    Spells: 5/6 levels left

rFire    . . .     SeeInvis .   b - +1 short sword (freeze)
rCold    . . .     Gourm    .   (no shield)
rNeg     . . .     Faith    .   a - +0 robe
rPois    .         Spirit   .   (helmet restricted)
rElec    .         Reflect  .   (no cloak)
rCorr    .         Harm     .   (no gloves)
MR       .....                  (no boots)
Stlth    ++........             (no amulet)
HPRegen  0.11/turn              (no ring)
MPRegen  0.09/turn              (no ring)

@: no status effects
A: retaliatory headbutt, horns 2
a: no special abilities


You were on level 2 of the Dungeon.
You were not hungry.

You visited 1 branch of the dungeon, and saw 2 of its levels.

You collected 65 gold pieces.

Inventory:

Hand Weapons
 b - a +1 short sword of freezing (weapon)
Armour
 a - a +0 robe (worn)
Magical Staves
 j - an uncursed staff of earth {unknown}
Scrolls
 d - 2 scrolls of remove curse {unknown}
 e - a scroll of magic mapping {unknown}
 f - a scroll of identify {unknown}
 i - a scroll of amnesia {unknown}
Potions
 g - a potion of curing {unknown}
 h - a potion of heal wounds {unknown}
Comestibles
 c - 4 rations
 k - a chunk of flesh


   Skills:
 + Level 1.1 Short Blades
 + Level 2.6 Dodging
 + Level 2.0 Stealth
 * Level 1.9 Spellcasting
 * Level 3.5 Conjurations


You had 5 spell levels left.
You knew the following spells:

 Your Spells              Type           Power        Failure   Level  Hunger
a - Magic Dart            Conj           ##..         6%          1    ##.....

Your spell library contained the following spells:

 Spells                   Type           Power        Failure   Level  Hunger
 Searing Ray              Conj           ##....       9%          2    ###....
 Dazzling Flash           Conj/Hex       #.....       36%         3    ####...
 Fulminant Prism          Conj/Hex       #.........   77%         4    #####..
 Iskenderun's Mystic Bla  Conj/Tloc      #.......     77%         4    #####..


Dungeon Overview and Level Annotations

Branches:
Dungeon (2/15)

Altars:

Annotations:
D:2 Robin


Innate Abilities, Weirdness & Mutations

You reflexively headbutt those who attack you in melee.
You have a pair of horns on your head.


Message History

Confirm with . or Enter, or press ? or * to list all spells.
You don't have enough magic to cast that spell.
Unknown command.
You miss something.
Robin appears from thin air!
Reactivating autopickup.
Robin drinks a potion.
Robin flickers and vanishes!
Deactivating autopickup; reactivate with Ctrl-A.
You closely miss something. You headbutt something.
Something hits you but does no damage.
You closely miss something. You hit the hobgoblin but do no damage.
Something hits you. The hobgoblin barely misses you.
You barely miss the hobgoblin. Your headbutt misses the hobgoblin.
Something hits you.
* * * LOW HITPOINT WARNING * * *
The hobgoblin closely misses you.
You hit the hobgoblin. You freeze the hobgoblin.
You kill the hobgoblin!
Something hits you!
You die...

#.#.####.# ### #.# >#
#.. #.# # #.# #.# #.#
#)# #.# #.# # ####.####
#)# ## #)......#####)#
.###.........<..@####.#
#....##.##.###...)....#
##)...)........######...
#.##.##.##.#####
)###.##.##.#
#.##.......#
##.####.#### #.## #.#
.## #.#


There were no monsters in sight!

Vanquished Creatures
  4 gnolls (D:2)
  An adder (D:2)
  A dart slug (D:1)
  A leopard gecko (D:1)
  2 bats (D:1)
  5 goblins (D:2)
  3 hobgoblins
  5 frilled lizards (D:1)
  6 kobolds
  3 rats (D:1)
31 creatures vanquished.

Notes
Turn   | Place    | Note
-------+----------+-------------------------------------------
     0 | D:1      | funshine the Minotaur Conjurer began the quest for the Orb.
     0 | D:1      | Reached XP level 1. HP: 14/14 MP: 1/1
    11 | D:1      | Reached skill level 3 in Conjurations
   371 | D:1      | Reached XP level 2. HP: 20/20 MP: 3/3
  1024 | D:2      | Reached XP level 3. HP: 21/26 MP: 1/4
  1056 | D:2      | Reached skill level 1 in Short Blades
  1323 | D:2      | Reached XP level 4. HP: 33/33 MP: 2/5
  1429 | D:2      | Identified the +1 helmet of the Candlemaker {rC- Regen+
                  | Str+2}
  1429 | D:2      | Noticed Robin
  1462 | D:2      | Slain by Robin

Illustrated notes

Levels and vault maps discovered:
D:1:      dpeg_arrival_central, layout_rooms, serial_co_window_serial,
          co_window_paths_a, co_window_corner_a, co_window_corner_a,
          co_window_corner_a, co_window_corner_a, co_window_cross_3,
          co_window_broadway_c, co_window_corner_cb, co_window_unsneaky_path_c,
          co_window_of_opportunity_b, glass_columns_a, glass_columns_c,
          glass_columns_b, glass_columns_a
D:2:      layout_loops_ring, cheibriados_altar_1, uniq_robin

Skill      XL: |  1  2  3 |
---------------+----------+-----
Conjurations   | 3 |  3.5
Stealth        | 2 |  2.0
Short Blades   | 1 |  1.1
Dodging        | |  2.6
Spellcasting   | |  1.9

Action                   |  1- 3 |  4- 6 || total
-------------------------+-------+-------++-------
Melee: Short sword       |    30 |    15 ||    45
       Unarmed           |     1 |       ||     1
       Headbutt          |     4 |     3 ||     7
 Cast: Magic Dart        |    33 |     9 ||    42
  Eat: Ration            |     1 |       ||     1
Armor: Robe              |     3 |     2 ||     5
Dodge: Dodged            |    21 |     8 ||    29
